 Dungeon Crawl Stone Soup version 0.28-a0-565-g7719699fd9 (webtiles) character file.

Game seed: 12102902375135284478

7 Jahmms the Skirmisher (level 1, -6/20 HPs)
             Began as a Minotaur Abyssal Knight on Oct 1, 2021.
             Was a Follower of Lugonu.
             Killed from afar by a starcursed mass (10 damage)
             ... with an accursed screaming
             ... on level 1 of the Abyss.
             The game lasted 00:09:24 (715 turns).

Jahmms the Skirmisher (Minotaur Abyssal Knight)      Turns: 715, Time: 00:09:25

Health: -6/20      AC:  3    Str: 17    XL:     1   Next: 83%
Magic:  1/1        EV: 11    Int:  7    God:    Lugonu [*.....]
Gold:   28         SH:  0    Dex: 10    Spells: 0/0 levels left

rFire   . . .      SeeInvis .   a - +1 falchion
rCold   . . .      Faith    .   (no shield)
rNeg    . . .      Spirit   .   b - +0 leather armour
rPois   .          Reflect  .   (helmet restricted)
rElec   .          Harm     .   (no cloak)
rCorr   .          Rampage  .   (no gloves)
Will    .....                   (no boots)
Stlth   +.........              (no amulet)
HPRegen 0.06/turn               (no ring)
MPRegen 0.07/turn               (no ring)

@: no status effects
A: horns 2, retaliatory headbutt
a: Renounce Religion, Depart the Abyss


You were on level 1 of the Abyss.
You worshipped Lugonu.
Lugonu was aware of your devotion.
You visited 0 branches of the dungeon, and saw 0 of its levels.
You visited the Abyss 1 time.

You collected 28 gold pieces.

Inventory:

Hand Weapons
 a - a +1 falchion (weapon)
Armour
 b - a +0 leather armour (worn)


   Skills:
 + Level 4.0 Fighting
 + Level 2.5 Long Blades
 + Level 2.5 Armour
 + Level 1.1 Dodging
 + Level 1.8 Invocations


You couldn't memorise any spells.
You didn't know any spells.
Your spell library was empty.

Dungeon Overview and Level Annotations

Branches:
Dungeon (0/15)

Altars:


Innate Abilities, Weirdness & Mutations

You have a pair of horns on your head.
You reflexively headbutt those who attack you in melee.


Message History

You have unlimited time to explore this branch.
You can't go up here!
You can't go down here!
A cane toad appears out of thin air!
The shock serpent changes into a dream sheep!
The cane toad changes into a hog!
You now have 17 gold pieces.
Found a short sword.
A lurking horror comes into view.
Press: ? - help, v - describe, . - travel, g - get item
Here: a lurking horror Item here: a short sword.
The floor.
You slash the lurking horror!
Your body is wracked with pain!
You are suddenly pulled into a different region of the Abyss!
Found a ring mail.
You start resting.
Found 11 gold pieces.
You now have 28 gold pieces (gained 11).
Found a corrupted altar of Lugonu.
A large abomination comes into view.
A starcursed mass splits.
Found a broken altar of Ashenzari.
A chorus of shrieks assaults your mind.
A starcursed mass splits. x2
A starcursed mass splits.
A chorus of shrieks assaults your mind.
* * * LOW HITPOINT WARNING * * *
You don't know any spells.
A starcursed mass splits.
You hit the starcursed mass.
The starcursed mass is lightly damaged.
The starcursed mass shudders and withdraws towards its neighbour.
The starcursed mass barely misses you.
A starcursed mass splits.
You hit the starcursed mass but do no damage.
The starcursed mass is lightly damaged.
The starcursed mass closely misses you.
A starcursed mass splits.
A deafening chorus of shrieks assaults your mind!
Ouch! That really hurt!
You die...

# # #.. # ..# #. #
##.. # . ##
....#.. ..## #.
.##.#.#.#. ...#.#
. ...# .. .# ....
.# . ## .....#
#.###.# # ##...#
....# . #X#X#..#
..###. .. ##XXX.#
. .#..#. ####
#@X#. # . .. ...
...#.##_X.X. #
.#.#
#####......#..X.X#
#..#.
#....#....#.#.##..
. ...
#..###.#.#.#..#
.... .# .#..#
..###..#........ .
.# #.# ...# ###
.... # .#. .## ..
#..#.#


You could see 5 starcursed masses and a large abomination.

Vanquished Creatures
  A white imp (Abyss:1)
  A lurking horror (Abyss:1)
2 creatures vanquished.

Notes
Turn   | Place    | Note
-------+----------+-------------------------------------------
     0 | Abyss:1  | Jahmms the Minotaur Abyssal Knight began the quest for the
                  | Orb.
     0 | Abyss:1  | Reached XP level 1. HP: 19/19 MP: 1/1
   111 | Abyss:1  | Found a corrupted altar of Lugonu.
   115 | Abyss:1  | Reached skill level 4 in Fighting
   438 | Abyss:1  | Noticed a tentacled starspawn
   440 | Abyss:1  | Noticed a freezing wraith
   446 | Abyss:1  | Noticed an elephant
   446 | Abyss:1  | Noticed a tentacled starspawn
   446 | Abyss:1  | Noticed a wretched star
   446 | Abyss:1  | Noticed a large abomination
   447 | Abyss:1  | Found a corrupted altar of Lugonu.
   447 | Abyss:1  | Noticed a wretched star
   447 | Abyss:1  | Noticed a sea snake
   447 | Abyss:1  | an elephant changed into a sea snake
   448 | Abyss:1  | Noticed a glowing orange brain
   448 | Abyss:1  | a sea snake changed into a glowing orange brain
   448 | Abyss:1  | Noticed a neqoxec
   448 | Abyss:1  | Noticed a large abomination
   448 | Abyss:1  | Noticed a starcursed mass
   449 | Abyss:1  | Noticed a smoke demon
   450 | Abyss:1  | Noticed a dream sheep
   450 | Abyss:1  | a glowing orange brain changed into a dream sheep
   450 | Abyss:1  | Noticed a small abomination
   451 | Abyss:1  | Noticed a hellwing
   451 | Abyss:1  | Noticed a manticore
   451 | Abyss:1  | Noticed an ancient zyme
   451 | Abyss:1  | Noticed a tentacled starspawn
   452 | Abyss:1  | Noticed a large abomination
   454 | Abyss:1  | Noticed a floating eye
   454 | Abyss:1  | a manticore changed into a floating eye
   458 | Abyss:1  | Noticed a komodo dragon
   458 | Abyss:1  | a dream sheep changed into a komodo dragon
   469 | Abyss:1  | Noticed a cane toad
   470 | Abyss:1  | Noticed a shock serpent
   472 | Abyss:1  | a cane toad changed into something unseen
   473 | Abyss:1  | Noticed a cane toad
   477 | Abyss:1  | Noticed a dream sheep
   477 | Abyss:1  | a shock serpent changed into a dream sheep
   477 | Abyss:1  | Noticed a hog
   477 | Abyss:1  | a cane toad changed into a hog
   695 | Abyss:1  | Found a corrupted altar of Lugonu.
   705 | Abyss:1  | Noticed a large abomination
   706 | Abyss:1  | Found a broken altar of Ashenzari.
   715 | Abyss:1  | Killed from afar by a starcursed mass

Illustrated notes

Levels and vault maps discovered:
Abyss:1:  base: Temple, base: Temple, gammafunk_corrupted_shrine

Skill      XL: |  1 |
---------------+----+-----
Fighting       | 4 |  4.0
Long Blades    | |  2.5
Armour         | |  2.5
Dodging        | |  1.1
Invocations    | |  1.8

Action                   || total
-------------------------++-------
Melee: Falchion          ||     6
       Headbutt          ||     1
Armor: Leather armour    ||     1
Dodge: Dodged            ||     3

Table legend: (Time is in decaauts)
 A = Elapsed time spent in this place.
 B = Non-inter-level travel time spent in this place.
 C = Inter-level travel time spent in this place.
 D = Time resting spent in this place.
 E = Time spent auto-exploring this place.
 F = Levels seen in this place.
 G = Mean time per level.
                   A        B        C        D        E       F      G
               +--------+--------+--------+--------+--------+-----+--------+
         Total |    718 |    718 |      0 |    383 |     61 |   1 |  718.0 |
         Abyss |    718 |    718 |      0 |    383 |     61 |   1 |  718.0 |
               +--------+--------+--------+--------+--------+-----+--------+

Top non-repeatable levels by time:
 Abyss:1: 718 daAuts
